 Dungeon Crawl Stone Soup version 0.30.1-11-g7821555f0a (webtiles) character file.

Game seed: 9816595120589177368

21 jagang the Slasher (level 2, -3/25 HPs)
             Began as a Barachi Monk on Dec 6, 2023.
             Slain by a quokka (4 damage)
             ... on level 2 of the Dungeon.
             The game lasted 00:01:31 (663 turns).

jagang the Slasher (Barachi Monk)                    Turns: 663, Time: 00:01:31

Health: -3/25      AC:  2    Str: 12    XL:     2   Next: 83%
Magic:  2/2        EV: 13    Int: 10    God:
Gold:   82         SH:  0    Dex: 14    Spells: 1/1 levels left

rFire   . . .        a - +0 falchion
rCold   . . .        d - orb {light}
rNeg    . . .        b - +0 robe
rPois   .            (no helmet)
rElec   .            (no cloak)
rCorr   .            (no gloves)
SInv    .            (no boots)
Will    .....        (no amulet)
Stlth   +            (no ring)
HPRegen 0.24/turn    (no ring)
MPRegen 0.08/turn

%: no passive effects
@: unable to hop, glowing, slow
A: amphibious, slowness 1, strong legs 1, +LOS
a: Hop


You were on level 2 of the Dungeon.
You visited 1 branch of the dungeon, and saw 2 of its levels.

You collected 82 gold pieces.

Inventory:

Hand Weapons
 a - a +0 falchion (weapon)
Armour
 b - a +0 robe (worn)
 d - an orb of light (worn)
Scrolls
 g - 2 scrolls of identify {unknown}
 h - a scroll of immolation {unknown}
 j - a scroll of enchant weapon {unknown}
 k - a scroll of butterflies {unknown}
Potions
 c - a potion of ambrosia
 e - a potion of degeneration {unknown}
 f - 2 potions of heal wounds {unknown}
 i - a potion of resistance {unknown}
 l - 2 potions of invisibility {unknown}


   Skills:
 + Level 3.9 Fighting
 * Level 4.1 Long Blades
 + Level 1.1 Armour
 + Level 3.5 Dodging


You had one spell level left.
You didn't know any spells.
Your spell library was empty.

Dungeon Overview and Level Annotations

Branches:
Dungeon (2/15)

Altars:


Innate Abilities, Weirdness & Mutations

You are amphibious.
You cover ground slowly.
You can hop short distances.
You have an extended range of vision and can be seen from far away.


Message History

You hit the goblin.
You kill the goblin!
The quokka barely misses you. The goblin hits you with a +0 club.
The quokka misses you.
You hit the goblin.
You kill the goblin!
The rat closely misses you. The quokka closely misses you.
You hit the adder.
The adder is heavily wounded.
The adder barely misses you. The rat barely misses you. The quokka bites you.
The adder closely misses you.
You are too injured to fight recklessly!
You closely miss the adder.
The adder is heavily wounded.
The rat bites you but does no damage. The quokka bites you.
The adder bites you but does no damage.
You barely miss the adder.
The adder is heavily wounded.
The adder misses you. The quokka bites you.
* * * LOW HITPOINT WARNING * * *
The rat completely misses you. The adder bites you but does no damage.
The quokka closely misses you. The rat misses you.
A rat comes into view.
Hop to where?
Press: ? - help, Dir - move target Boing!
The quokka closely misses you.
Unknown command.
You barely miss the adder.
The adder is heavily wounded.
The adder misses you. The quokka bites you.
* * * LOW HITPOINT WARNING * * *
The adder bites you but does no damage. The rat attacks as you move away!
The rat bites you but does no damage. The rat attacks as you move away!
The rat misses you. The quokka bites you.
* * * LOW HITPOINT WARNING * * *
You hit the adder but do no damage.
The adder is moderately wounded.
The adder bites you but does no damage. The rat closely misses you.
The quokka bites you.
You die...

.##.#..# ....#
.....$###....#
#............
#............
#<<.........
#...).#.....
###).........
#.rSrr....##.
#.#@#..#..#
#.#.##.# .# .
#.# ... .. .
... .... ⌠. .#
##. #...... #.
.# #...⌠. .#
..... .. ....
#.


You could see an adder, a quokka and 2 rats.

Vanquished Creatures
  2 ball pythons (D:1)
  2 bats (D:1)
  An endoplasm (D:1)
  A giant cockroach (D:1)
  6 goblins
  3 hobgoblins (D:1)
  2 frilled lizards (D:1)
  A rat (D:1)
18 creatures vanquished.

Notes
Turn   | Place    | Note
-------+----------+-------------------------------------------
     0 | D:1      | jagang the Barachi Monk began the quest for the Orb.
     0 | D:1      | Reached XP level 1. HP: 18/18 MP: 1/1
   207 | D:1      | Reached XP level 2. HP: 25/25 MP: 2/2
   259 | D:1      | Reached skill level 4 in Long Blades
   323 | D:1      | Reached skill level 1 in Armour
   662 | D:2      | HP: 1/25 [quokka (2)]
   663 | D:2      | Slain by a quokka

Illustrated notes

Levels and vault maps discovered:
D:1:      lightli_arrival_flooded_house, layout_loops_ring
D:2:      layout_rooms, hellmonk_ecumenical_altar_run_dry, roderic_roman_lattice

Skill      XL: |  1  2 |
---------------+-------+-----
Long Blades    | 4 |  4.1
Armour         | 1 |  1.1
Fighting       | |  3.9
Dodging        | |  3.5

Action                     || total
---------------------------++-------
  Melee: Falchion          ||    34
Ability: Hop               ||     1
 Armour: Robe              ||     8
  Dodge: Dodged            ||    34
